 Dungeon Crawl Stone Soup version 0.23.2-32-g37ab1d4649 (webtiles) character file.

Game seed: 5845784846882428776

4876 H0rd4k the Thaumaturge (level 10, 0/51 HPs)
             Began as a Deep Elf Wizard on June 26, 2019.
             Was an Elder of Sif Muna.
             Slain by an orc
             ... wielding a +0 club
              (5 damage)
             ... on level 9 of the Dungeon.
             The game lasted 00:30:57 (9605 turns).

H0rd4k the Thaumaturge (Deep Elf Wizard)            Turns: 9605, Time: 00:30:57

Health: 0/51       AC:  2    Str:  4    XL:     10   Next: 26%
Magic:  17/29      EV: 16    Int: 27    God:    Sif Muna [****..]
Gold:   625        SH:  0    Dex: 19    Spells: 21/35 levels left

rFire    . . .     SeeInvis .   y - +0 blowgun
rCold    + . .     Gourm    .   (no shield)
rNeg     . . .     Faith    .   j - +0 robe {rC+}
rPois    .         Spirit   .   b - +0 hat
rElec    .         Reflect  .   (no cloak)
rCorr    .         Harm     .   (no gloves)
MR       +....                  (no boots)
Stlth    +.........             c - amulet of magic regeneration
HPRegen  0.17/turn              o - +1 ring of slaying
MPRegen  0.46/turn              G - +6 ring of dexterity

@: confused, hasted, very quick
A: no striking features
a: Divine Energy, Channel Magic, Forget Spell, Renounce Religion


You were on level 9 of the Dungeon.
You worshipped Sif Muna.
Sif Muna was greatly pleased with you.
You were hungry.

You visited 2 branches of the dungeon, and saw 10 of its levels.
You also visited: Sewer.

You collected 625 gold pieces.

Inventory:

Hand Weapons
 y - a +0 blowgun (weapon)
 I - a +0 longbow
 J - the +8 quarterstaff "Oteewk" {vamp, MR+ Stlth+}
   (You took it off a centaur on level 8 of the Dungeon)

   It inflicts no extra harm, but heals its wielder when it wounds a living foe.
   It affects your resistance to hostile enchantments.
   It makes you more stealthy.
 K - a +0 dagger of venom
Missiles
 z - 57 poisoned needles (quivered)
Armour
 b - a +0 hat (worn)
 j - a +0 robe of cold resistance (worn)
Jewellery
 c - an amulet of magic regeneration (around neck)
 o - a +1 ring of slaying (left hand)
 G - a +6 ring of dexterity (right hand)
Wands
 v - a wand of flame (32)
 w - a wand of polymorph (4)
 D - a wand of paralysis (10)
Scrolls
 e - 8 scrolls of identify {unknown}
 f - 8 scrolls of remove curse
 k - 2 scrolls of teleportation
 l - a scroll of fear {unknown}
 p - 2 scrolls of amnesia {unknown}
 r - 2 scrolls of fog {unknown}
 s - 4 scrolls of immolation {unknown}
 u - 2 scrolls of random uselessness {unknown}
 C - a scroll of noise {unknown}
 F - 2 scrolls of magic mapping {unknown}
Potions
 g - a potion of might {unknown}
 h - a potion of heal wounds {unknown}
 i - 2 potions of agility {unknown}
 m - 2 potions of degeneration {unknown}
 n - 2 potions of mutation {unknown}
 q - 2 potions of flight {unknown}
 t - 5 potions of curing {unknown}
 x - 3 potions of magic {unknown}
 A - a potion of brilliance {unknown}
 B - 2 potions of berserk rage {unknown}
 E - a potion of lignification {unknown}
Comestibles
 d - 15 rations


   Skills:
 - Level 0.5 Fighting
 + Level 3.1 Throwing
 + Level 5.3 Dodging
 + Level 4.1 Stealth
 + Level 13.0 Spellcasting
 + Level 9.5 Conjurations
 + Level 0.3 Hexes
   Level 1.1 Summonings
 + Level 2.4 Translocations
 * Level 4.1 Fire Magic


You had 21 spell levels left.
You knew the following spells:

 Your Spells              Type           Power        Failure   Level  Hunger
a - Magic Dart            Conj           ####         1%          1    None
b - Blink                 Tloc           N/A          1%          2    None
c - Conjure Flame         Conj/Fire      ######..     1%          3    None
d - Inner Flame           Hex/Fire       ####....     3%          3    None
e - Fireball              Conj/Fire      ######....   5%          5    ##.....

Your spell library contained the following spells:

 Spells                   Type           Power        Failure   Level  Hunger
 Flame Tongue             Conj/Fire      #####        1%          1    None
 Throw Flame              Conj/Fire      ######       1%          2    None
 Sticky Flame             Conj/Fire      ######..     1%          4    None
 Mephitic Cloud           Conj/Pois/Air  ####....     2%          3    None
 Infusion                 Chrm           ###.         3%          1    None
 Call Imp                 Summ           ###.....     3%          2    None
 Shroud of Golubria       Chrm/Tloc      ###.......   3%          2    None
 Slow                     Hex            ###.....     4%          2    None
 Song of Slaying          Chrm           ###.....     4%          2    None
 Spectral Weapon          Hex/Chrm       ###.....     9%          3    None
 Regeneration             Chrm/Necr      ###.......   10%         3    None


Dungeon Overview and Level Annotations

Branches:
Dungeon (9/15)             Temple (1/1) D:5
   Lair: D:8-11         Orc: D:9-12

Altars:
Ashenzari
Cheibriados
Dithmenos
Fedhas
Gozag
Hepliaklqana
Kikubaaqudgha
Makhleb
Nemelex Xobeh
Okawaru
Qazlal
Ru
Sif Muna
Uskayaw
Wu Jian
Yredelemnul
Zin
The Shining One

Annotations:
D:4 exclusions: 2 orc priests and orc wizard, Dowan, Duvessa
D:5 exclusion: 2 downstairs
D:8 exclusion: ugly thing
D:9 4 runed translucent doors


Message History

You bump into the rock wall.
You feel less confused. The orc hits you but does no damage.
The orc wizard zaps a wand.
Your will is overpowered!
You are confused.
You miss the orc wizard.
The orc wizard is moderately wounded.
The orc hits you with a +0 club.
* * * LOW HITPOINT WARNING * * *
The orc wizard hits you with a +0 dagger.
* * * LOW HITPOINT WARNING * * *
The orc closely misses you.
Okay, then.
Unknown command.
You bump into the rock wall.
The orc wizard casts a spell at you. The puff of flame hits you.
* * * LOW HITPOINT WARNING * * *
It was a potion of haste.
You feel yourself speed up. The orc hits you with a +0 club.
You die...

...........##......#.............
#................................
#...............................#
.............##..#..........#....
##............#..#...##..........
......#....##.......####....
......#....##...##....#........
.....####...#..####............
..... #..##...@##..#...........
... #(..#...oo....#......##.#
..........##(###.........
..........#).))o.........
..........##†.##.o.......
..............##.......##
.##########...##.......##
.........## #........ ........##
........(.


You could see an orc wizard and an orc.

Vanquished Creatures
  2 two-headed ogres
  A hippogriff (D:7)
  A water moccasin (D:8)
  A black bear (D:6)
  3 orc warriors
  3 ice beasts
  3 sky beasts
  3 centaurs
  3 ogres
  6 bullfrogs
  2 wyvern zombies (D:6)
  2 wyvern skeletons
  5 scorpions
  A crimson imp (D:5)
  A bullfrog zombie (D:5)
  2 centaur skeletons
  2 jellies
  3 hounds
  A bullfrog skeleton (D:8)
  4 orc wizards
  7 worker ants
  A killer bee zombie (D:9)
  A hound skeleton (D:5)
  A worker ant zombie (D:5)
  13 gnolls
  13 adders
  2 oozes
  An adder skeleton (D:6)
  3 worms
  5 dart slugs
  7 leopard geckos
  21 orcs
  9 bats
  3 giant cockroaches
  5 hobgoblins
  11 jackals
  4 quokkas
  5 ball pythons
  6 frilled lizards
  3 giant cockroach zombies (D:6)
  9 goblins
  15 kobolds
  A leopard gecko skeleton (D:5)
  3 leopard gecko zombies (D:6)
  A quokka skeleton (D:8)
  3 quokka zombies
  10 rats
  5 plants (Sewer)
217 creatures vanquished.

Notes
Turn   | Place    | Note
-------+----------+-------------------------------------------
     0 | D:1      | H0rd4k the Deep Elf Wizard began the quest for the Orb.
     0 | D:1      | Reached XP level 1. HP: 10/10 MP: 7/7
   115 | D:1      | Reached skill level 5 in Spellcasting
   115 | D:1      | Reached XP level 2. HP: 12/15 MP: 7/10
   139 | D:1      | Learned a level 2 spell: Blink
   214 | D:1      | Reached XP level 3. HP: 19/19 MP: 0/12
   219 | D:1      | Learned a level 3 spell: Conjure Flame
   734 | D:2      | Found a stormy altar of Qazlal.
   876 | D:2      | Reached skill level 6 in Spellcasting
   921 | D:2      | Reached XP level 4. HP: 19/24 MP: 0/14
  1757 | D:3      | Reached XP level 5. HP: 28/28 MP: 11/15
  2004 | D:3      | Reached skill level 7 in Spellcasting
  2207 | D:3      | Found a shadowy altar of Dithmenos.
  2399 | D:3      | You fall through a shaft!
  2419 | D:4      | Reached XP level 6. HP: 33/33 MP: 10/18
  2788 | D:4      | Noticed Duvessa
  2814 | D:4      | Reached skill level 8 in Spellcasting
  2814 | D:4      | Reached skill level 1 in Fire Magic
  2857 | D:4      | Found a glowing drain.
  2861 | Sewer    | Entered a sewer
  2955 | Sewer    | Reached XP level 7. HP: 26/37 MP: 15/20
  4653 | D:5      | Entered Level 5 of the Dungeon
  4662 | D:4      | Reached skill level 5 in Conjurations
  4987 | D:5      | Found a staircase to the Ecumenical Temple.
  5013 | Temple   | Entered the Ecumenical Temple
  5317 | Temple   | Became a worshipper of Sif Muna the Loreminder
  5650 | D:4      | Noticed Dowan
  6376 | D:6      | Noticed a two-headed ogre
  6393 | D:6      | Reached skill level 9 in Spellcasting
  6404 | D:6      | Killed a two-headed ogre
  6404 | D:6      | Reached * piety under Sif Muna
  6404 | D:6      | Reached skill level 10 in Spellcasting
  6404 | D:6      | Reached XP level 8. HP: 42/42 MP: 7/24
  6643 | D:6      | Reached skill level 11 in Spellcasting
  6682 | D:6      | Reached ** piety under Sif Muna
  7141 | D:6      | Reached XP level 9. HP: 46/46 MP: 22/26
  7197 | D:6      | Reached skill level 1 in Throwing
  7845 | D:7      | Learned a level 3 spell: Inner Flame
  7851 | D:7      | Learned a level 5 spell: Fireball
  7954 | D:7      | Reached skill level 5 in Dodging
  8150 | D:7      | Found an iron altar of Okawaru.
  8190 | D:7      | Reached skill level 12 in Spellcasting
  8478 | D:8      | Reached *** piety under Sif Muna
  8551 | D:8      | Found a basalt altar of Yredelemnul.
  8626 | D:8      | Noticed a two-headed ogre
  8642 | D:8      | Killed a two-headed ogre
  8642 | D:8      | Reached XP level 10. HP: 51/51 MP: 11/28
  8907 | D:8      | Identified the +8 quarterstaff "Oteewk" {vamp, MR+ Stlth+}
  9117 | D:8      | Reached skill level 13 in Spellcasting
  9272 | D:8      | Noticed a red ugly thing
  9567 | D:9      | Found a huge runed translucent gate.
  9583 | D:9      | Found a huge runed translucent gate.
  9583 | D:9      | Found a huge runed translucent gate.
  9583 | D:9      | Reached **** piety under Sif Muna
  9584 | D:9      | Found a huge runed translucent gate.
  9584 | D:9      | Noticed a death yak
  9605 | D:9      | Slain by an orc

Skill      XL: |  1  2  3  4  5  6  7  8  9 10 |
---------------+-------------------------------+-----
Spellcasting   | 5 6 7 8 10 11 12 13 | 13.0
Dodging        | 3 4 5 |  5.3
Conjurations   | 2 3 4 6 7 9 |  9.5
Stealth        | 3 4 |  4.1
Fire Magic     | 1 3 4 |  4.1
Translocations | 2 |  2.4
Throwing       | 3 |  3.1
Fighting       | |  0.5
Hexes          | |  0.3
Summonings     | |  1.1

Action                   |  1- 3 |  4- 6 |  7- 9 | 10-12 || total
-------------------------+-------+-------+-------+-------++-------
Melee: Unarmed           |       |       |   805 |       ||   805
       Blowgun           |       |       |       |     3 ||     3
 Fire: Blowgun           |       |       |    36 |       ||    36
 Cast: Magic Dart        |   135 |   192 |   448 |    94 ||   869
       Conjure Flame     |       |     8 |    25 |     7 ||    40
       Blink             |       |     1 |     7 |     2 ||    10
       Fireball          |       |       |     2 |     3 ||     5
       Inner Flame       |       |       |     1 |     4 ||     5
Evoke: Wand              |       |       |     1 |       ||     1
  Use: Scroll            |       |       |     2 |       ||     2
       Potion            |       |       |       |     1 ||     1
  Eat: Chunk             |       |     6 |     8 |     1 ||    15
       Ration            |       |       |     4 |       ||     4
Armor: Robe              |     3 |     1 |     6 |     1 ||    11
Dodge: Dodged            |    16 |    15 |    83 |    20 ||   134
